 Dungeon Crawl Stone Soup version 0.15-a0-1537-ge1f089e (webtiles) character file.

519 Herrn the Skirmisher (level 7, 45/56 HPs)
             Began as a Demonspawn Fighter on June 16, 2014.
             Quit the game on Level 4 of the Dungeon.
             The game lasted 00:09:22 (3595 turns).

Herrn the Skirmisher (Demonspawn Fighter)           Turns: 3595, Time: 00:09:22

HP  45/56        AC 11     Str 17      XL: 7   Next:  1%
MP   5/7         EV  7     Int 11      God:
Gold 151         SH 11     Dex 14      Spells:  0 memorised,  6 levels left

rFire  . . .     SeeInvis .     a - +0 war axe
rCold  . . .     Clarity  .     p - +0 chain mail
rNeg   . . .     rCorr    .     c - +0 shield
rPois  .         rRot     .     (no helmet)
rElec  .         Spirit   +     (no cloak)
SustAb .         Warding  .     (no gloves)
rMut   .         Stasis   .     (no boots)
Gourm  +                        j - amulet of the gourmand
MR     .....                    (no ring)
                                i - +3 ring of evasion

@: not resistant to hostile enchantments, extremely unstealthy
A: claws 2, large bone plates 1, clever 1, sense surroundings 1, magic shield
a: no special abilities


You were on level 4 of the Dungeon.
You were very full.

You visited 1 branch of the dungeon, and saw 4 of its levels.

You collected 151 gold pieces.

Inventory:

Hand weapons
 a - a +0 war axe (weapon)
Armour
 b - a +0 scale mail
 c - a +0 shield (worn)
 p - a +0 chain mail (worn)
Magical devices
 w - a wand of slowing (14)
Comestibles
 d - 4 bread rations
 g - a beef jerky
 v - a meat ration
Scrolls
 e - a scroll of teleportation {unknown}
 f - 3 scrolls of enchant armour {unknown}
 h - 2 scrolls of identify {unknown}
 m - a scroll of blinking {unknown}
 n - 3 scrolls of remove curse {unknown}
 o - 2 scrolls of enchant weapon {unknown}
 q - a scroll of immolation {unknown}
 s - 2 scrolls of noise {unknown}
 u - a scroll of fog {unknown}
Jewellery
 i - a +3 ring of evasion (left claw)
 j - an amulet of the gourmand (around neck)
 t - an uncursed ring of stealth {unknown}
Potions
 k - 5 potions of curing {unknown}
 l - 4 potions of heal wounds
 r - a potion of confusion {unknown}


   Skills:
 * Level 5.1 Fighting
 * Level 3.8 Axes
 + Level 3.9 Armour
 + Level 2.0 Dodging
 + Level 3.5 Shields


You had 6 spell levels left.
You didn't know any spells.

Dungeon Overview and Level Annotations

Branches:
Dungeon (4/15)
 Temple: D:4-7

Altars:
Ashenzari
Dithmenos
Elyvilon
Gozag
Nemelex Xobeh


Innate Abilities, Weirdness & Mutations

You have very sharp fingernails.
You are partially covered in large bone plates (AC +2, SH +2).
When hurt, damage is shared between your health and your magic reserves.
Your mind is acute. (Int +2)
You passively map a small area around you.


Message History

The orc wizard is severely wounded.
The orc wizard hits you with a dagger.
The orc wizard hits you but does no damage.
You completely miss the orc wizard.
The orc wizard is severely wounded.
The orc wizard hits you but does no damage.
You hit the orc wizard.
The orc wizard is severely wounded.
You block the orc wizard's attack.
You hit the orc wizard.
The orc wizard is almost dead.
The orc wizard hits you but does no damage.
The orc wizard closely misses you.
You hit the orc wizard.
You kill the orc wizard!
You have reached level 7!
Your demonic ancestry asserts itself...
Your fingernails sharpen.
Unknown command.
Are you sure you want to abandon this character and quit the game? (Confirm with "yes".)

####.................#* ,
#########.......## , #####.###
*###+# ##.# ##<..# #..# #..###
####'### #.## ##########
#......# ##.#### ##........#
#.)....# #...... .'...###..#
###@)....# #...... ##...'_#..#
#.').....#####...... #...###..#
#.#......##......... #........#
##.#......#..##......
#........###..#......'.###......
#........'...##......### ######.
#........#######'##### ,.
######'### #.## ###...# #..# ,*


There were no monsters in sight!

Vanquished Creatures
  The ghost of Crauler the Insei, an average DsMo (D:3)
  A centaur (D:3)
  2 hounds (D:4)
  An orc priest (D:4)
  An orc wizard (D:4)
  Natasha (thrice) (D:4)
  4 gnolls (D:2)
  A worm (D:4)
  6 adders
  A giant mite (D:3)
  A white imp (D:4)
  15 orcs
  3 ball pythons
  6 bats
  2 giant cockroaches (D:4)
  13 hobgoblins
  3 jackals (D:3)
  10 kobolds
  An ooze (D:3)
  3 quokkas
  2 giant geckos
  4 giant newts (D:2)
  9 goblins
  8 rats
101 creatures vanquished.

Notes
Turn   | Place    | Note
--------------------------------------------------------------
     0 | D:1      | Herrn, the Demonspawn Fighter, began the quest for the Orb.
     0 | D:1      | Reached XP level 1. HP: 18/18 MP: 1/1
   473 | D:1      | Gained mutation: You are partially covered in large bone plates (AC +2, SH +2). [demonic ancestry]
   473 | D:1      | Reached XP level 2. HP: 24/24 MP: 2/2
   969 | D:2      | Gained mutation: When hurt, damage is shared between your health and your magic reserves. [demonic ancestry]
   969 | D:2      | Reached XP level 3. HP: 25/29 MP: 3/3
  1099 | D:2      | Reached XP level 4. HP: 34/37 MP: 4/4
  1624 | D:3      | Noticed Crauler's ghost (average DsMo)
  1634 | D:3      | Gained mutation: You have sharp fingernails. [potion of mutation]
  1634 | D:3      | Gained mutation: Your mind is acute. (Int +2) [potion of mutation]
  1634 | D:3      | Gained mutation: You passively map a small area around you. [potion of mutation]
  1941 | D:3      | Killed Crauler's ghost
  1941 | D:3      | Reached skill level 4 in Fighting
  1941 | D:3      | Reached skill level 1 in Dodging
  1941 | D:3      | Reached XP level 5. HP: 39/42 MP: 3/5
  2041 | D:3      | Found a sparkling altar of Nemelex Xobeh.
  2161 | D:3      | Found a white marble altar of Elyvilon.
  2314 | D:3      | Found an opulent altar of Gozag.
  2315 | D:3      | Found a shadowy altar of Dithmenos.
  2370 | D:3      | Noticed a centaur
  2377 | D:3      | Killed a centaur
  2377 | D:3      | Reached XP level 6. HP: 29/49 MP: 2/6
  3098 | D:4      | Noticed Natasha
  3107 | D:4      | Killed Natasha
  3450 | D:4      | Found a shattered altar of Ashenzari.
  3454 | D:4      | Noticed Natasha
  3457 | D:4      | Killed Natasha
  3544 | D:4      | Noticed Natasha
  3549 | D:4      | Killed Natasha
  3580 | D:4      | Reached skill level 5 in Fighting
  3594 | D:4      | Gained mutation: You have very sharp fingernails. [demonic ancestry]
  3594 | D:4      | Reached XP level 7. HP: 45/56 MP: 5/7
  3595 | D:4      | Quit the game

Action                   |  1- 3 |  4- 6 |  7- 9 || total
-------------------------+-------+-------+-------++-------
Melee: War axe           |    54 |   257 |       ||   311
  Use: Potion            |     3 |     3 |       ||     6
